 Dungeon Crawl Stone Soup version 0.30-a0-469-g84de5afbc5 (webtiles) character file.

Game seed: 15656269784891830712

5 tilp the Shield-Bearer (level 2, -5/26 HPs)
             Began as a Meteoran Fighter on Dec 19, 2022.
             Succumbed to a goblin's poison
             ... on level 1 of the Dungeon.
             The game lasted 00:00:37 (99 turns).

tilp the Shield-Bearer (Meteoran Fighter)             Turns: 99, Time: 00:00:38

Health: -5/26      AC:  7    Str: 17    XL:     2   Next: 5%
Magic:  3/3        EV:  9    Int:  9    God:
Gold:   0          SH:  5    Dex: 13    Spells: 1/1 levels left

rFire   . . .      SeeInvis .    a - +0 long sword
rCold   . . .      Faith    .    c - +0 buckler
rNeg    . . .      Spirit   .    b - +0 scale mail
rPois   .          Reflect  .    (no helmet)
rElec   .          Harm     .    (no cloak)
rCorr   .          Rampage  .    (no gloves)
Will    .....                    (no boots)
Stlth   ..........               (no amulet)
HPRegen 0.24/turn                (no ring)
MPRegen 0.08/turn                (no ring)

@: lethally poisoned (-5 -> -28), glowing
A: sense surroundings 1, otherworldly, glowing, explore regen
a: no special abilities


You were on level 1 of the Dungeon.
You visited 1 branch of the dungeon, and saw 1 of its levels.

Inventory:

Hand Weapons
 a - a +0 long sword (weapon)
Armour
 b - a +0 scale mail (worn)
 c - a +0 buckler (worn)
Scrolls
 e - 2 scrolls of teleportation {unknown}
 f - a scroll of amnesia {unknown}
Potions
 d - a potion of might


   Skills:
 + Level 3.3 Fighting
 + Level 2.5 Long Blades
 + Level 3.7 Armour
 * Level 0.5 Dodging
 + Level 0.3 Stealth
 + Level 3.7 Shields


You had one spell level left.
You didn't know any spells.
Your spell library contained the following spells:

 Spells                   Type           Power      Damage    Failure   Level
 Foxfire                  Conj/Fire      0%         2x1d4     86%         1
 Fireball                 Conj/Fire      0%         3d3       100%        5
 Starburst                Conj/Fire      0%         6d3       100%        6


Dungeon Overview and Level Annotations

Branches:
Dungeon (1/15) Zot: 488

Altars:


Innate Abilities, Weirdness & Mutations

You passively map a small area around you.
You are easily found by Zot.
You glow in the dark.
You regain HP and MP as you explore.


Message History

You see here a rat corpse.
You miss the goblin. You block the goblin's attack.
You closely miss the goblin. The goblin hits you but does no damage.
You are poisoned.
The goblin hits you with a +1 dagger of venom.
You completely miss the goblin.
You feel very sick. The goblin barely misses you.
You closely miss the goblin.
You feel sick. The goblin hits you but does no damage.
You closely miss the goblin.
You feel sick. The goblin barely misses you.
A hobgoblin comes into view.
You block the goblin's attack.
You closely miss the goblin.
You feel sick. The goblin hits you but does no damage.
You are more poisoned.
You closely miss the goblin.
You feel very sick. The goblin hits you but does no damage.
You barely miss the goblin.
You feel very sick. The goblin hits you but does no damage.
You are lethally poisoned!
The goblin hits you but does no damage.
You are more poisoned.
Unknown command.
You closely miss the goblin.
* * * LOW HITPOINT WARNING * * *
You feel extremely sick. The goblin closely misses you.
You miss the goblin.
* * * LOW HITPOINT WARNING * * *
You feel very sick.
The goblin hits you with a +1 dagger of venom.
* * * LOW HITPOINT WARNING * * *
You are more poisoned.
Unknown command.
You hit the goblin.
You kill the goblin!
You die...

*, * * ..# , ., ♣.* #.#
,######.# .#. ♣.
♣..#$##. #~~~~♣~♣
...♣♣.♣♣..#.#...#~.P....
...........:....#~PPP...
.........#......#♣.P....
.................~....<.
......g)........#♣.P....
#@.#.##...#~PPP...
#.##...##...#~.P.... ,
#..>.)^##...#~...♣.♣ ,
###.....#...#~~~~♣.♣ *
#...#.#...######.# *
#..##............. , ,
#..####.#...##.#.. ,
#.... #.#...#..#†. #.#.#
*#...........


You could see a hobgoblin.

Vanquished Creatures
  2 goblins (D:1)
  A quokka (D:1)
  A frilled lizard (D:1)
  A kobold (D:1)
  2 rats (D:1)
7 creatures vanquished.

Notes
Turn   | Place    | Note
-------+----------+-------------------------------------------
     0 | D:1      | tilp the Meteoran Fighter began the quest for the Orb.
     0 | D:1      | Reached XP level 1. HP: 19/19 MP: 2/2
    64 | D:1      | Reached XP level 2. HP: 21/26 MP: 3/3
    98 | D:1      | HP: 1/26 [goblin/+1 dagger of venom (1)]
    99 | D:1      | Succumbed to a goblin's poison

Illustrated notes

Levels and vault maps discovered:
D:1:      ldierk_walled_garden, layout_rooms, serial_forest,
          infiniplex_forest_straight_4, infiniplex_forest_diagonal,
          infiniplex_forest_clump_medium, infiniplex_forest_straight_5,
          infiniplex_forest_clump_small

Action                   || total
-------------------------++-------
Melee: Long sword        ||    39
Armor: Scale mail        ||    19
Dodge: Dodged            ||    18
Block: Buckler           ||    15

Table legend: (Time is in decaauts)
 A = Elapsed time spent in this place.
 B = Non-inter-level travel time spent in this place.
 C = Inter-level travel time spent in this place.
 D = Time resting spent in this place.
 E = Time spent auto-exploring this place.
 F = Levels seen in this place.
 G = Mean time per level.
                   A        B        C        D        E       F      G
               +--------+--------+--------+--------+--------+-----+--------+
         Total |    111 |    111 |      0 |      0 |      0 |   1 |  111.0 |
       Dungeon |    111 |    111 |      0 |      0 |      0 |   1 |  111.0 |
               +--------+--------+--------+--------+--------+-----+--------+

Top non-repeatable levels by time:
     D:1: 111 daAuts
